 Dungeon Crawl Stone Soup version 0.16-a0-223-g37887f7 (webtiles) character file.

11799 Ololoev the Cleaver (level 11, -6/135 HPs)
             Began as a Hill Orc Chaos Knight on Aug 19, 2014.
             Was a Plaything of Xom.
             Killed from afar by a manticore (8 damage)
             ... with a volley of spikes
             ... on Level 12 of the Dungeon.
             The game lasted 01:21:36 (13954 turns).

Ololoev the Cleaver (Hill Orc Chaos Knight)        Turns: 13954, Time: 01:21:37

HP  -6/135       AC 13     Str 18 (21) XL: 11   Next: 83%
MP  25/25        EV 18     Int 11 (12) God: Xom
Gold 159         SH  0     Dex 14 (17) Spells:  0 memorised, 10 levels left

rFire  . . .     SeeInvis +     f - +1 war axe (freeze)
rCold  + + +     Clarity  .     F - +3 leather armour "Wagy" {rPois rC++ rN+}
rNeg   + . .     rCorr    .     (no shield)
rPois  +         rRot     .     y - +0 helmet {SInv}
rElec  .         Spirit   .     G - +1 cloak {rPois}
SustAb .         Warding  .     h - +2 pair of gloves (curse)
rMut   .         Stasis   .     E - +0 pair of boots
Gourm  .                        w - amulet of rage
MR     .....                    Q - ring of flight
                                L - ring of wizardry

@: berserking, short of breath, manticore barbs, very slightly contaminated,
hasted, very quick, not resistant to hostile enchantments, extremely unstealthy
A: repulsion field 1, agile 2, breathe flames 1, cold resistance 1, deformed
body, deterioration 1, poison resistance, regeneration 1, robust 1, shaggy fur
1, wild magic 1, evolution 1, no device heal 1
a: Renounce Religion, Breathe Fire, Evoke Berserk Rage, Evoke Flight


You were on level 12 of the Dungeon.
You worshipped Xom.
You were a beloved toy of Xom.
You were hungry.

You visited 1 branch of the dungeon, and saw 12 of its levels.
You also visited: Sewer.

You collected 399 gold pieces.
You spent 240 gold pieces at shops.

Inventory:

Hand weapons
 f - a +1 war axe of freezing (weapon)
Armour
 h - a cursed +2 pair of gloves (worn)
 y - a +0 helmet of see invisible (worn)
 E - a +0 pair of boots (worn)
 F - the +3 leather armour "Wagy" (worn) {rPois rC++ rN+}
   (You found it on level 8 of the Dungeon)

   It greatly protects you from cold.
   It protects you from poison.
   It protects you from negative energy.
 G - a +1 cloak of poison resistance (worn)
Magical devices
 a - a wand of digging (17)
 e - a wand of hasting (5)
 g - a wand of digging (2)
Comestibles
 c - 6 meat rations
 k - 2 fruits
 o - 9 bread rations
 z - a slice of pizza
Scrolls
 b - a scroll of immolation
 i - 2 scrolls of enchant armour
 l - a scroll of blinking
 q - 2 scrolls of teleportation
 s - 2 scrolls of magic mapping
 v - 2 scrolls of fear
 H - a scroll of remove curse
 K - 2 scrolls of enchant weapon
Jewellery
 w - an amulet of rage (around neck)
 L - a ring of wizardry (left hand)
 Q - a ring of flight (right hand)
Potions
 d - a potion of restore abilities
 n - a potion of porridge
 t - a potion of haste
 x - 2 potions of agility {unknown}
 A - a potion of resistance
 B - a potion of cancellation {unknown}
 C - a potion of flight {unknown}
 M - 3 potions of heal wounds {unknown}
 N - a potion of might {unknown}
 P - a potion of brilliance
Miscellaneous
 m - a plain deck of war


   Skills:
 - Level 3.6 Fighting
 - Level 14.0 Axes
 - Level 2.1 Armour
 + Level 8.2 Dodging
 - Level 1.0 Stealth
 * Level 12.1 Evocations


You had 10 spell levels left.
You didn't know any spells.

Dungeon Overview and Level Annotations

Branches:
Dungeon (12/15)            Temple (0/1) D:5             Orc (0/4) D:9
   Lair (0/8) D:11

Altars:
Ashenzari
Dithmenos
Elyvilon
Fedhas
Gozag
Nemelex Xobeh
Okawaru
Qazlal
Sif Muna
Trog
Xom
Yredelemnul
Zin

Shops:
D:10 *


Innate Abilities, Weirdness & Mutations

You are surrounded by a mild repulsion field (EV +2).
You are very agile. (Dex +4)
You can breathe flames.
Your flesh is cold resistant.
Armour fits poorly on your strangely shaped body.
Your body is slowly deteriorating.
Your system is resistant to poisons.
Your natural rate of healing is unusually fast.
You are robust (+10% HP).
You are covered in fur (AC +1).
Your spells are a little harder to cast, but a little more powerful.
You evolve.
Potions and wands are less effective at restoring your health.


Message History

You feel somewhat more hungry.
The kobold shouts!
Use which ability? (? or * to list)
A red film seems to cover your vision as you go berserk!
You feel yourself moving faster!
You feel mighty!
The crimson imp shouts, "Slither hence, thou mangled fob-snatching scavenger!"
The manticore flicks its tail!
The volley of spikes skewers you!
The barbed spikes become lodged in your body.
* * * LOW HITPOINT WARNING * * *
A kobold, a big kobold and a phantom come into view.
The barbs in your skin will harm you if you move.
Continue?
The barbed spikes dig painfully into your body as you move.
* * * LOW HITPOINT WARNING * * *
You feel a strong urge to attack something.
The kobold shouts!
The kobold throws a stone.
The stone closely misses you.
The manticore flicks its tail!
The volley of spikes skewers you!
The barbed spikes become lodged in your body.
You die...
Xom roars with laughter!

#...# ##.# ##..#.#
##...####..####..# .##
##..!<............##..##
#.....[[#(.......##Y...#
#.......#.....##))zY#
...........#.....#.Y#(!#
.......##.......#z###(#
......# #.......HY.#


cz# ##...# #..@....## cHz. #... #../....# ..>#. .#. #..K.....# #.(# .
#..........# ... #......5..#..# ... #K..K.....#.... KK........ .. #..##..... W#
###... You could see a manticore, a yak, a wight, a crimson imp and 4 kobolds.

Vanquished Creatures
  A fire dragon (D:11)
  An unseen horror (D:11)
  A hill giant (D:11)
  Maurice (D:8)
  A komodo dragon (D:12)
  A two-headed ogre (D:9)
  A freezing wraith (D:9)
  A raven (shapeshifter) (D:11)
  2 trolls
  A wyvern (D:8)
  11 yaks (D:11)
  2 hungry ghosts (D:9)
  2 wolves (D:10)
  Edmund (D:4)
  5 orc warriors
  A soldier ant (D:11)
  A tengu skeleton (D:8)
  2 sky beasts
  A yellow wasp (D:11)
  A black bear (D:9)
  4 ice beasts
  A tengu (shapeshifter) (D:4)
  3 phantoms
  4 centaurs
  6 ogres
  A necrophage (D:11)
  4 giant frogs
  A cyclops zombie (D:9)
  A gnoll sergeant (D:7)
  A hippogriff zombie (D:6)
  3 scorpions
  2 eyes of draining
  2 troll zombies (D:9)
  13 killer bees
  14 wights
  A crimson imp (D:5)
  Dowan (D:4)
  3 jellies
  A goliath beetle (D:9)
  4 hounds
  3 orc priests
  6 worker ants
  Natasha (twice) (D:3)
  7 iguanas
  12 orc wizards
  3 ogre zombies (D:9)
  A necrophage skeleton (D:11)
  A sheep (D:10)
  10 gnolls
  22 adders
  8 giant mites
  3 worms
  3 shadow imps
  A giant eyeball (D:10)
  12 giant geckos
  16 oozes
  45 orcs
  12 ball pythons
  A bat skeleton (D:6)
  A bat zombie (D:6)
  21 goblins
  16 hobgoblins
  6 jackals
  20 kobolds
  6 quokkas
  10 bats
  17 giant cockroaches
  A giant gecko zombie (D:5)
  12 giant newts
  2 goblin skeletons (D:9)
  3 goblin zombies
  A hobgoblin skeleton (D:9)
  4 hobgoblin zombies
  2 kobold skeletons
  4 orc skeletons
  8 orc zombies (D:9)
  16 rats
  2 rat zombies (D:6)
428 creatures vanquished.

Vanquished Creatures (collateral kills)
  A hungry ghost (D:9)
  Grum (D:10)
  A centaur (D:12)
  A phantom (D:9)
  Sigmund (D:4)
  2 killer bees (D:11)
  A giant frog zombie (D:11)
  An orc priest (D:9)
  A hound (D:12)
  2 jellies
  An ogre zombie (D:9)
  A mummy (D:10)
  An orc (D:12)
  A hobgoblin zombie (D:9)
  An orc zombie (D:9)
17 creatures vanquished.

Vanquished Creatures (others)
  3 large abominations (D:9)
  A ball lightning (D:11)
  Natasha (D:3)
  A quokka (D:3)
  A bat (D:3)
  A kobold (D:3)
8 creatures vanquished.

Grand Total: 453 creatures vanquished

Notes
Turn   | Place    | Note
--------------------------------------------------------------
     0 | D:1      | Ololoev, the Hill Orc Chaos Knight, began the quest for the Orb.
     0 | D:1      | Reached XP level 1. HP: 19/19 MP: 1/1
    74 | D:1      | Gained mutation: Armour fits poorly on your strangely shaped body. [potion of mutation]
    74 | D:1      | Gained mutation: You are surrounded by a mild repulsion field (EV +2). [potion of mutation]
    74 | D:1      | Gained mutation: You have supernaturally acute eyesight. [potion of mutation]
    75 | D:1      | Gained mutation: You tend to lose your temper in combat. [potion of mutation]
    75 | D:1      | Gained mutation: You can breathe flames. [potion of mutation]
    75 | D:1      | Gained mutation: Potions and wands are less effective at restoring your health. [potion of mutation]
    76 | D:1      | Gained mutation: You are agile. (Dex +2) [potion of mutation]
    76 | D:1      | Gained mutation: Your magical capacity is low (-10% MP). [potion of mutation]
    76 | D:1      | Gained mutation: You are robust (+10% HP). [potion of mutation]
   226 | D:1      | Reached XP level 2. HP: 25/28 MP: 1/1
   474 | D:1      | Reached skill level 1 in Stealth
   561 | D:1      | Reached skill level 5 in Axes
   562 | D:1      | Reached XP level 3. HP: 34/34 MP: 2/2
   602 | D:1      | XOM: divination: detect creatures
   779 | D:1      | XOM: noise
   901 | D:1      | XOM: harmless Necr miscast
  1032 | D:1      | XOM: cast spell 'Statue Form'
  1147 | D:2      | Found an iron altar of Okawaru.
  1186 | D:2      | Found a sparkling altar of Nemelex Xobeh.
  1222 | D:2      | XOM: harmless Summ miscast
  1602 | D:2      | Reached skill level 6 in Axes
  1602 | D:2      | Reached XP level 4. HP: 28/42 MP: 3/3
  1788 | D:2      | XOM: silly message
  1924 | D:2      | XOM: harmless Hex miscast
  2043 | D:3      | Found a white marble altar of Elyvilon.
  2159 | D:3      | Reached skill level 1 in Evocations
  2159 | D:3      | Reached XP level 5. HP: 25/49 MP: 4/4
  2175 | D:3      | Reached skill level 7 in Axes
  2220 | D:3      | Found a glowing drain.
  2227 | Sewer    | Entered a sewer
  2758 | Sewer    | XOM: enchant monster (good)
  2775 | Sewer    | Reached XP level 6. HP: 41/56 MP: 7/7
  2867 | Sewer    | Reached skill level 8 in Axes
  3015 | Sewer    | XOM: confuse monster(s)
  3155 | D:3      | XOM: cast spell 'Stoneskin'
  3205 | D:3      | Found a stormy altar of Qazlal.
  3272 | D:3      | Noticed Natasha
  3286 | D:3      | Killed Natasha
  3381 | D:3      | XOM: give mutations
  3381 | D:3      | Gained mutation: You passively map a small area around you. [Xom's grace]
  3381 | D:3      | Gained mutation: You evolve. [Xom's grace]
  3415 | D:3      | XOM: scenery: create altars
  3641 | D:3      | Found a blossoming altar of Fedhas.
  3647 | D:3      | XOM: severe Fire miscast
  3696 | D:3      | XOM: mild Conj miscast
  3825 | D:3      | XOM: give mutations
  3825 | D:3      | Gained mutation: Your system is resistant to poisons. [Xom's grace]
  3825 | D:3      | Gained mutation: You have a pair of small horns on your head. [Xom's grace]
  3835 | D:3      | Reached skill level 9 in Axes
  3851 | D:3      | Reached XP level 7. HP: 36/62 MP: 9/9
  4006 | D:3      | Noticed Natasha
  4010 | D:3      | Killed Natasha
  4035 | D:3      | Noticed Natasha
  4044 | D:3      | Killed Natasha
  4293 | D:4      | Noticed Duvessa
  4293 | D:4      | Noticed Dowan
  4294 | D:4      | Noticed Duvessa
  4294 | D:4      | Duvessa changed into Duvessa the giant frog
  4294 | D:4      | XOM: polymorph Duvessa -> Duvessa the giant frog
  4296 | D:4      | Duvessa the giant frog changed into Duvessa the tengu
  4313 | D:4      | Killed Dowan
  4655 | D:4      | XOM: stat loss: -1 Int (11/12)
  4660 | D:4      | XOM: cast spell 'Beastly Appendage'
  4839 | D:4      | XOM: cast spell 'Dispersal'
  4844 | D:4      | XOM: enchant monster (good)
  4850 | D:4      | Reached skill level 10 in Axes
  4860 | D:4      | XOM: polymorph orc -> quokka
  4965 | D:4      | Noticed Sigmund
  4974 | D:4      | XOM: cast spell 'Blink'
  4988 | D:4      | XOM: summons 7 friendly demons
  4993 | D:4      | Killed Sigmund
  4993 | D:4      | Reached XP level 8. HP: 53/70 MP: 11/11
  5065 | D:4      | XOM: scenery: 4 doors open, 1 doors close
  5242 | D:4      | Reached skill level 11 in Axes
  5372 | D:4      | XOM: harmless Pois miscast
  5403 | D:4      | Noticed Edmund
  5416 | D:4      | XOM: silly message
  5421 | D:4      | XOM: harmless Divn miscast
  5425 | D:4      | XOM: potion effect (brilliance)
  5451 | D:4      | Killed Edmund
  5540 | D:4      | XOM: mild Hex miscast
  5618 | D:4      | XOM: scenery: 3 doors close
  5647 | D:5      | Entered Level 5 of the Dungeon
  5960 | D:5      | XOM: colour smoke trail
  6138 | D:5      | Found a staircase to the Ecumenical Temple.
  6231 | D:5      | XOM: potion effect (berserk rage)
  6304 | D:5      | XOM: mild Conj miscast
  6361 | D:5      | XOM: vitrification
  6392 | D:6      | XOM: mild Summ miscast
  6407 | D:6      | XOM: harmless Fire miscast
  6510 | D:6      | Found a deep blue altar of Sif Muna.
  6520 | D:6      | Reached skill level 12 in Axes
  6795 | D:6      | Reached skill level 5 in Evocations
  6845 | D:6      | Gained mutation: Your flesh is cold resistant. [evolution]
  6893 | D:6      | Found a basalt altar of Yredelemnul.
  6937 | D:6      | XOM: give mutations
  6937 | D:6      | Lost mutation: You have a pair of small horns on your head. [Xom's mischief]
  6937 | D:6      | Gained mutation: You have a pair of small horns on your head. [Xom's mischief]
  6937 | D:6      | Lost mutation: You have supernaturally acute eyesight. [Xom's mischief]
  6937 | D:6      | Lost mutation: You tend to lose your temper in combat. [Xom's mischief]
  7150 | D:6      | Reached XP level 9. HP: 44/77 MP: 14/14
  7154 | D:6      | Reached skill level 13 in Axes
  7355 | D:6      | XOM: god gift: 2 poisoned javelins
  7498 | D:7      | XOM: give mutations
  7498 | D:7      | Gained mutation: You are very agile. (Dex +4) [Xom's grace]
  7498 | D:7      | Gained mutation: Your natural rate of healing is unusually fast. [Xom's grace]
  7498 | D:7      | Gained mutation: Your spells are a little harder to cast, but a little more powerful. [Xom's grace]
  7626 | D:7      | XOM: divination: detect creatures
  7767 | D:7      | Found a bloodstained altar of Trog.
  7939 | D:7      | Reached skill level 14 in Axes
  7965 | D:7      | Found a shimmering altar of Xom.
  7966 | D:7      | XOM: give mutation
  7966 | D:7      | Gained mutation: You are covered in fur (AC +1). [Xom's grace]
  8137 | D:7      | Got a brightly glowing leather armour
  8148 | D:7      | Identified the cursed +0 leather armour of Sunlight {rN+} (You found it on level 7 of the Dungeon)
  8260 | D:7      | Reached skill level 1 in Dodging
  8445 | D:8      | Found a bloodstained altar of Trog.
  8446 | D:8      | Found a glowing silver altar of Zin.
  8593 | D:8      | Found a shattered altar of Ashenzari.
  8774 | D:8      | Found an opulent altar of Gozag.
  8776 | D:8      | Got a slimy leather armour
  8788 | D:8      | Identified the +3 leather armour "Wagy" {rPois rC++ rN+} (You found it on level 8 of the Dungeon)
  8820 | D:8      | Noticed Maurice
  8828 | D:8      | XOM: summons friendly iron imp
  8834 | D:8      | Killed Maurice
  8890 | D:8      | Reached XP level 10. HP: 81/84 MP: 18/18
  8997 | D:9      | XOM: swap monsters
  8998 | D:9      | XOM: blink monster(s)
  9133 | D:9      | Found a staircase to the Orcish Mines.
  9142 | D:9      | XOM: cast spell 'Summon Horrible Things'
  9549 | D:9      | XOM: noise
  9966 | D:9      | Reached skill level 5 in Dodging
 10002 | D:9      | XOM: noise
 10122 | D:9      | XOM: silly message
 10161 | D:9      | XOM: give mutations
 10161 | D:9      | Lost mutation: You passively map a small area around you. [Xom's mischief]
 10161 | D:9      | Lost mutation: Your magical capacity is low (-10% MP). [Xom's mischief]
 10161 | D:9      | Gained mutation: Your body is slowly deteriorating. [Xom's mischief]
 10722 | D:9      | XOM: noise
 10739 | D:10     | Entered Level 10 of the Dungeon
 10755 | D:10     | Found Brokh's Assorted Antiques.
 10772 | D:10     | Found a shadowy altar of Dithmenos.
 10778 | D:10     | Bought a purple potion for 25 gold pieces
 10778 | D:10     | Bought a scroll of noise for 28 gold pieces
 10778 | D:10     | Bought 2 slimy silvery potions for 50 gold pieces
 10778 | D:10     | Bought a black potion for 25 gold pieces
 10778 | D:10     | Bought a copper wand for 112 gold pieces
 10930 | D:10     | Noticed Grum
 10937 | D:10     | Killed Grum
 10937 | D:10     | Reached skill level 10 in Evocations
 11123 | D:10     | XOM: silly message
 11417 | D:10     | XOM: give mutation
 11417 | D:10     | Lost mutation: You have a pair of small horns on your head. [Xom's mischief]
 11612 | D:11     | Noticed a six-headed hydra
 11615 | D:11     | Noticed a fire dragon
 11615 | D:11     | a six-headed hydra changed into a fire dragon
 11616 | D:11     | XOM: confusion (+ monsters)
 11618 | D:11     | XOM: cast spell 'Conjure Ball Lightning'
 11622 | D:11     | Killed a fire dragon
 11622 | D:11     | Reached XP level 11. HP: 90/90 MP: 24/24
 11702 | D:11     | Noticed a hill giant
 11711 | D:11     | Killed a hill giant
 11806 | D:11     | XOM: medium Trmt miscast
 11876 | D:11     | XOM: 1-stop teleportation journey
 11928 | D:11     | XOM: harmless Fire miscast
 12294 | D:11     | Killed an unseen horror
 12429 | D:10     | XOM: god gift: 6 curare-tipped needles
 13053 | D:12     | XOM: confusion (+ monsters)
 13058 | D:12     | XOM: summons friendly iron imp
 13414 | D:11     | Found a staircase to the Lair.
 13446 | D:11     | XOM: god gift: 23 stones
 13471 | D:11     | XOM: god gift: bread ration
 13608 | D:11     | XOM: colour smoke trail
 13756 | D:11     | XOM: mild Hex miscast
 13757 | D:11     | XOM: confusion
 13781 | D:11     | XOM: confusion (+ monsters)
 13819 | D:11     | XOM: harmless Pois miscast
 13923 | D:12     | XOM: god gift: 21 exploding sling bullets
 13950 | D:12     | XOM: potion effect (haste)
 13954 | D:12     | HP: 2/135 [barbs]
 13954 | D:12     | Killed from afar by a manticore

Action                   |  1- 3 |  4- 6 |  7- 9 | 10-12 || total
-------------------------+-------+-------+-------+-------++-------
Melee: Hand axe          |   133 |   347 |   333 |       ||   813
       War axe           |       |       |    80 |   562 ||   642
 Abil: Breathe Fire      |       |       |     4 |     2 ||     6
       Evoke Berserk Rag |       |       |       |     2 ||     2
Evoke: Wand              |       |     2 |    15 |    47 ||    64
  Use: Potion            |     5 |     2 |     4 |     5 ||    16
       Scroll            |     2 |     6 |     9 |     7 ||    24
 Stab: Paralysed         |     2 |     5 |     2 |       ||     9
       Sleeping          |       |     1 |     3 |       ||     4
       Petrified         |       |     1 |     1 |       ||     2
       Petrifying        |       |       |     5 |       ||     5
       Confused          |       |       |     4 |     5 ||     9
       Distracted        |       |       |       |     4 ||     4
       Betrayed ally     |       |       |       |     1 ||     1
  Eat: Chunk             |     4 |    10 |    16 |    19 ||    49
       Beef jerky        |       |       |     1 |       ||     1
       Fruit             |       |       |     2 |       ||     2
